 Seeded DCSS version 0.27-a0-1228-gfd60fd639a (webtiles) character file.

Game seed: 49 (custom seed)

732 Snicker the Cutter (level 7, 0/52 HPs)
             Began as a Demonspawn Brigand on June 8, 2021.
             Slain by a killer bee (6 damage)
             ... on level 5 of the Dungeon.
             The game lasted 00:03:38 (3382 turns).

Snicker the Cutter (Demonspawn Brigand)             Turns: 3382, Time: 00:03:39

Health: 0/52       AC:  7    Str: 11    XL:     7   Next: 45%
Magic:  7/7        EV: 10    Int: 13    God:
Gold:   170        SH:  8    Dex: 16    Spells: 6/6 levels left

rFire    + + +     SeeInvis .   g - +11 quick blade of Cruel Justice {vorpal, *Rage rF+++ rCorr Stlth-}
rCold    . . .     Faith    .   (no shield)
rNeg     . . .     Spirit   .   m - +0 ring mail
rPois    .         Reflect  .   t - +0 helmet
rElec    .         Harm     .   c - +0 cloak
rCorr    +         Rampage  .   (no gloves)
Will     .....     Rnd*Rage +   (no boots)
Stlth    +.........             (no amulet)
HPRegen  0.17/turn              s - ring of resist corrosion
MPRegen  0.10/turn              (no ring)

@: no status effects
A: hooves 1, large bone plates 3, powered by death 1
a: no special abilities


You were on level 5 of the Dungeon.
You visited 1 branch of the dungeon, and saw 5 of its levels.

You collected 170 gold pieces.

Inventory:

Hand Weapons
 a - a +0 dagger of draining
 f - a +2 dagger
 g - the +11 quick blade of Cruel Justice (weapon) {vorpal, *Rage rF+++ rCorr Stlth-}
   (You acquired it on level 1 of the Dungeon)

   It inflicts extra damage upon your enemies.
   It renders you almost immune to fire.
   It may make you go berserk in combat.
   It protects you from acid and corrosion.
   It makes you less stealthy.
Missiles
 d - 8 poisoned darts (quivered)
 e - 2 curare-tipped darts
Armour
 b - a +0 robe
 c - a +0 cloak (worn)
 m - a +0 ring mail (worn)
 t - a +0 helmet (worn)
Jewellery
 s - a ring of resist corrosion (left hand)
Wands
 o - a wand of iceblast (21)
 r - a wand of flame (15)
Scrolls
 h - 2 scrolls of enchant armour {unknown}
 i - 6 scrolls of identify {unknown}
 k - 2 scrolls of teleportation {unknown}
 p - a scroll of vulnerability {unknown}
 q - 2 scrolls of magic mapping {unknown}
Potions
 j - a potion of brilliance {unknown}
 l - 2 potions of curing
 n - a potion of attraction {unknown}


   Skills:
 + Level 3.0 Fighting
 * Level 5.6 Short Blades
 + Level 1.7 Throwing
 + Level 2.2 Armour
 + Level 1.5 Dodging
 * Level 5.3 Stealth
 + Level 1.0 Shields


You had 6 spell levels left.
You didn't know any spells.
Your spell library was empty.

Dungeon Overview and Level Annotations

Branches:
Dungeon (5/15)
 Temple: D:4-7

Altars:
Makhleb
Qazlal
Zin


Innate Abilities, Weirdness & Mutations

You have large cloven feet.
You are completely covered in large bone plates. (SH +8)
You regenerate a little health from kills.


Message History

You feel sick.
The killer bee stings you but does no damage.
You feel sick.
You hit the killer bee. Your kick misses the killer bee.
The killer bee is moderately wounded.
The killer bee stings you but does no damage.
You feel sick. The killer bee closely misses you.
The killer bee stings you but does no damage.
The killer bee stings you. x2; You block the killer bee's attack.
The killer bee barely misses you.
You puncture the killer bee!
The killer bee is severely wounded.
You feel sick. The killer bee stings you! The killer bee closely misses you.
The killer bee stings you!
You are more poisoned.
The killer bee poisons you!
You feel sick. The killer bee stings you.
You are more poisoned.
The killer bee poisons you! The killer bee closely misses you.
You block the killer bee's attack. The killer bee completely misses you.
The killer bee stings you but does no damage.
You feel very sick. The killer bee barely misses you.
You block the killer bee's attack.
The killer bee stings you but does no damage.
The killer bee misses you. You block the killer bee's attack.
* * * LOW HITPOINT WARNING * * *
You feel very sick. The killer bee barely misses you.
* * * LOW HITPOINT WARNING * * *
You feel very sick.
The killer bee stings you but does no damage.
* * * LOW HITPOINT WARNING * * *
You feel sick. The killer bee stings you.
* * * LOW HITPOINT WARNING * * *
You are more poisoned.
The killer bee poisons you!
It was a potion of curing.
You feel better. The killer bee stings you!
* * * LOW HITPOINT WARNING * * *
The killer bee stings you.
You die...

.......##.†# #..# ..
.........# #..## .#
#..####..###.# #...# ..
#............# ##..#
#y###........##### #.# #.)
..#.###.## #.#
##..#.##.##.# #.# .
#...#.###.#y##########.#
#.#...†.....yyy@.........#
.#.#.#.#.###.############.#
.......#.##>###...........#
................###########
..........#######
.........## ......<###
..[....# .......#


You could see 4 killer bees.

Vanquished Creatures
  Grinder (D:4)
  A centaur (D:4)
  2 water moccasin skeletons
  A killer bee (D:5)
  A howler monkey (D:4)
  A hound (D:5)
  A jelly (D:4)
  An orc priest (D:3)
  An iguana (D:4)
  Ijyb (D:4)
  Terence (D:2)
  A howler monkey skeleton (D:4)
  3 adders
  3 worms
  A dart slug (D:4)
  5 orcs
  3 ball pythons
  9 bats
  8 endoplasms
  2 giant cockroaches
  7 goblins
  3 hobgoblins
  5 kobolds
  5 quokkas
  6 rats
73 creatures vanquished.

Notes
Turn   | Place    | Note
-------+----------+-------------------------------------------
     0 | D:1      | Snicker the Demonspawn Brigand began the quest for the Orb.
     0 | D:1      | Reached XP level 1. HP: 16/16 MP: 1/1
   152 | D:1      | Identified a scroll of acquirement
   152 | D:1      | Acquired the +11 quick blade of Cruel Justice {vorpal,
                  | *Rage rF+++ rCorr Stlth-}
   232 | D:1      | Gained mutation: You are partially covered in large bone
                  | plates. (SH +4) [demonic ancestry]
   232 | D:1      | Reached XP level 2. HP: 22/22 MP: 2/2
   854 | D:2      | Gained mutation: You have large cloven feet. [demonic
                  | ancestry]
   854 | D:2      | Reached XP level 3. HP: 27/27 MP: 3/3
  1085 | D:2      | Found a faded altar of an unknown god.
  1250 | D:2      | Noticed Terence
  1258 | D:2      | Killed Terence
  1259 | D:2      | Reached XP level 4. HP: 21/33 MP: 4/4
  1615 | D:3      | Reached skill level 1 in Dodging
  1829 | D:3      | Gained mutation: You are mostly covered in large bone
                  | plates. (SH +6) [demonic ancestry]
  1829 | D:3      | Reached XP level 5. HP: 38/38 MP: 5/5
  1950 | D:3      | Found a stormy altar of Qazlal.
  2232 | D:3      | Found a burning altar of Makhleb.
  2418 | D:4      | Noticed a centaur
  2418 | D:4      | Noticed Grinder
  2429 | D:4      | Killed a centaur
  2430 | D:4      | Reached skill level 1 in Armour
  2430 | D:4      | Gained mutation: You regenerate a little health from kills.
                  | [demonic ancestry]
  2430 | D:4      | Reached XP level 6. HP: 36/46 MP: 6/6
  2433 | D:4      | Killed Grinder
  2434 | D:4      | Reached skill level 5 in Stealth
  2584 | D:4      | Found a sand-covered staircase.
  2731 | D:4      | Reached skill level 5 in Short Blades
  2731 | D:4      | Gained mutation: You are completely covered in large bone
                  | plates. (SH +8) [demonic ancestry]
  2731 | D:4      | Reached XP level 7. HP: 51/51 MP: 7/7
  2839 | D:4      | Reached skill level 1 in Shields
  2944 | D:4      | Noticed Ijyb
  2949 | D:4      | Killed Ijyb
  3165 | D:5      | Entered Level 5 of the Dungeon
  3382 | D:5      | Slain by a killer bee

Illustrated notes

Levels and vault maps discovered:
D:1:      sevenhm_arrival_forest_fort_small_4, layout_loops_ring
D:2:      layout_basic, shapermc_ecumenical_altar_gd, serial_bayou_pond_e,
          uniq_terence
D:3:      layout_loops_ring, nicolae_qazlal_eye_of_the_storm,
          lightli_temple_of_fire
D:4:      layout_basic, lemuel_crystal_altar,
          nicolae_ossuary_entry_false_entrances, uniq_ijyb, uniq_grinder
D:5:      layout_loops_ring

Skill      XL: |  1  2  3  4  5  6  7 |
---------------+----------------------+-----
Short Blades   | 2 3 4 5 |  5.6
Stealth        | 4 5 |  5.3
Dodging        | 1 |  1.5
Armour         | 1 2 |  2.2
Shields        | 1 |  1.0
Fighting       | 3 |  3.0
Throwing       | |  1.7

Action                   |  1- 3 |  4- 6 |  7- 9 || total
-------------------------+-------+-------+-------++-------
Melee: Quick blade       |    49 |    44 |    32 ||   125
       Dagger            |     4 |       |       ||     4
       Kick              |     2 |     7 |     8 ||    17
  Use: Scroll            |     1 |       |       ||     1
       Potion            |       |       |     1 ||     1
 Stab: Sleeping          |     2 |       |       ||     2
Armor: Robe              |     7 |       |       ||     7
       Ring mail         |     6 |    14 |    12 ||    32
Dodge: Dodged            |    19 |    16 |    18 ||    53
Block: Other             |     9 |     3 |     9 ||    21

Table legend: (Time is in decaauts)
 A = Elapsed time spent in this place.
 B = Non-inter-level travel time spent in this place.
 C = Inter-level travel time spent in this place.
 D = Time resting spent in this place.
 E = Time spent auto-exploring this place.
 F = Levels seen in this place.
 G = Mean time per level.
                   A        B        C        D        E       F      G
               +--------+--------+--------+--------+--------+-----+--------+
         Total |   3411 |   3185 |    226 |    453 |   2323 |   5 |  682.2 |
       Dungeon |   3411 |   3185 |    226 |    453 |   2323 |   5 |  682.2 |
               +--------+--------+--------+--------+--------+-----+--------+

Top non-repeatable levels by time:
     D:1: 843 daAuts
     D:4: 842 daAuts
     D:3: 790 daAuts
     D:2: 759 daAuts
     D:5: 176 daAuts
